AoeStats
← MZTK | GaboxNet .i.

Arabia

510416331Analyzed
2v2 RM · 1d ago on Sep 30, 2026· 25m 29s· 4 players
Game mode
Random Map
Map size
Medium (4 player)
Population
200
Speed
Normal
Resources
Standard
Victory
Conquest
Starting age
Dark Age
Ending age
Imperial Age
RankedLock teamsTeams togetherTeam positionsShared explorationLock speedFull tech treeHidden civsTurbo modeCheats
Victory
Defeat
🇦🇷 Franks · Argentina
1313
+13
🇦🇷 Shu · Argentina
1277
+14
🇲🇽 Danes · Mexico
1261
-14
🇲🇽 Ethiopians · Mexico
1216
-13
[HAV] Papi de Jardin
6:18 Loom
9:23 Feudal Age
9:58 Double-Bit Axe
15:35 Fletching
18:50 Padded Archer Armor
23:10 Castle Age
22:17 Horse Collar
23:13 Crossbowman
23:49 Bodkin Arrow
24:05 Bow Saw
24:47 Town Watch
Manquete de Asedio
5:45 Loom
9:21 Feudal Age
9:53 Double-Bit Axe
17:58 Scale Barding Armor
19:52 Forging
20:36 Wheelbarrow
23:41 Castle Age
22:38 Gold Mining
23:35 Stone Mining
24:36 Bow Saw
23:49 Light Cavalry
25:04 Chain Barding Armor
MZTK | GaboxNet .i.
5:12 Loom
9:18 Feudal Age
9:33 Man-at-Arms
10:08 Double-Bit Axe
24:49 Castle Age
23:13 Gold Mining
24:53 Crossbowman
25:26 Fletching
MZTK l ROD
5:44 Loom
10:45 Feudal Age
11:20 Man-at-Arms
14:42 Double-Bit Axe
Connection lost

Rejoining the realm…

Still unreachable

The connection could not be restored.

Session expired

The server has moved on; the page needs a fresh start.